 Dungeon Crawl Stone Soup version 0.29.0 (webtiles) character file.

Game seed: 1609515792221634013

84 samcosmo the Magician (level 4, -12/24 HPs)
             Began as a Deep Elf Earth Elementalist on Sept 10, 2022.
             Engulfed by a cloud of flame (22 damage)
             ... on level 2 of the Dungeon.
             The game lasted 00:05:41 (1946 turns).

samcosmo the Magician (Deep Elf Earth Elementalist) Turns: 1946, Time: 00:05:41

Health: -12/24     AC:  2    Str:  5    XL:     4   Next: 24%
Magic:  9/12       EV: 12    Int: 22    God:
Gold:   99         SH:  0    Dex: 15    Spells: 3/11 levels left

rFire   . . .      SeeInvis .   (no weapon)
rCold   . . .      Faith    .   (no shield)
rNeg    . . .      Spirit   .   a - +0 robe
rPois   .          Reflect  .   (no helmet)
rElec   .          Harm     .   (no cloak)
rCorr   .          Rampage  .   (no gloves)
Will    .....                   (no boots)
Stlth   ++........              (no amulet)
HPRegen 0.08/turn               (no ring)
MPRegen 0.13/turn               (no ring)

@: on blink cooldown
A: no striking features
a: no special abilities


You were on level 2 of the Dungeon.
You visited 1 branch of the dungeon, and saw 2 of its levels.

You collected 99 gold pieces.

Inventory:

Armour
 a - a +0 robe (worn)
Scrolls
 c - 3 scrolls of identify {unknown}
 g - a scroll of blinking {unknown}
 h - a scroll of enchant armour {unknown}
 i - a scroll of fear {unknown}
 k - 2 scrolls of brand weapon {unknown}
 l - a scroll of noise {unknown}
 n - a scroll of amnesia {unknown}
 o - a scroll of teleportation {unknown}
Potions
 b - a potion of magic
 d - a potion of heal wounds {unknown}
 e - a potion of haste {unknown}
 f - a potion of brilliance {unknown}
 j - a potion of curing {unknown}
 m - a potion of resistance {unknown}


   Skills:
 - Level 2.4 Dodging
 - Level 2.4 Stealth
 - Level 4.4 Spellcasting
 + Level 1.1 Necromancy
 + Level 1.5 Translocations
 - Level 1.1 Transmutations
 * Level 4.2 Earth Magic


You had 3 spell levels left.
You knew the following spells:

 Your Spells              Type           Power      Damage    Failure   Level
a - Sandblast             Erth           46%        2d11      1%          1
b - Blink                 Tloc           22%        N/A       9%          2
c - Stone Arrow           Conj/Erth      28%        3d8       13%         3
d - Sublimation of Blood  Necr           9%         N/A       10%         2

Your spell library contained the following spells:

 Spells                   Type           Power      Damage    Failure   Level
 Passwall                 Tmut/Erth      13%        N/A       5%          2
 Wereblood                Tmut           9%         N/A       11%         2
 Lesser Beckoning         Tloc           11%        N/A       17%         3
 Petrify                  Tmut/Erth      16%        N/A       34%         4
 Manifold Assault         Tloc           11%        N/A       85%         5
 Summon Hydra             Summ           2%         N/A       100%        7


Dungeon Overview and Level Annotations

Branches:
Dungeon (2/15)

Altars:
The Shining One


Message History

The blast of sand hits the goblin!
You kill the goblin!
The endoplasm quivers.
Casting: Sandblast (safe; 1% risk of failure)
Confirm with . or Enter, or press ? or * to list all spells.
Aiming: Sandblast (safe; 1% risk of failure)
Press: ? - help, Shift-Dir - straight line, f - endoplasm
Aim: an endoplasm (98% to hit)
The blast of sand hits the endoplasm!
You kill the endoplasm!
Things that are here:
a +0 dagger; a goblin corpse You see here a stone.
There is an escape hatch in the floor here.
You see here 8 stones.
Found 3 stones.
You see here 8 stones.
Partly explored, can't reach some items and places.
Partly explored, can't reach some items and places.
Really walk into a travel-excluded area?
Casting: Sandblast (safe; 1% risk of failure)
Confirm with . or Enter, or press ? or * to list all spells.
You blink.
You see here 3 stones.
n - a scroll labelled ESAQUL JOCHEFF You feel stable enough to blink again.
o - a scroll labelled CORHAFAUQO Really walk into a travel-excluded area? [Y]es or [N]o only, please.
Really walk into a travel-excluded area?
Okay, then.
You see here 3 stones.
Really walk into a travel-excluded area?
Casting: Blink (safe; 9% risk of failure)
Confirm with . or Enter, or press ? or * to list all spells.
You blink.
You are engulfed in blazing flames.
Ouch! That really hurt!
You are engulfed in blazing flames.
Ouch! That really hurt!
You die...

##.#<# ##..##.#.## ###.#.####.#
#.#.## #...#####(###...#...##.#
.....# #°○.# #...>.#####....#
###.## #☼.§# #.###...#...####
##.# #§§§# ### ###.#.###
##.######...###########...#.##
#.##.°§§..(..§☼§...(.........##
##...§°°.....☼§§..######..#.#.##
##...§○...(.§°@.#######.##.##.#
#######..§#####....##.........
#○○☼# #.....##.##.##.# #○°§#
#.....###.#.#.## #.°§#
#...............
#...######...#####...###
##.........### #......
########### #...### #####


There were no monsters in sight!

Vanquished Creatures
  Jessica (D:2)
  3 adders (D:2)
  3 endoplasms
  A giant cockroach (D:2)
  8 goblins
  A hobgoblin (D:2)
  2 kobolds
  3 ball pythons
  5 bats (D:1)
  2 frilled lizards
  2 rats (D:1)
31 creatures vanquished.

Vanquished Creatures (others)
  A giant cockroach (D:2)
1 creature vanquished.

Grand Total: 32 creatures vanquished

Notes
Turn   | Place    | Note
-------+----------+-------------------------------------------
     0 | D:1      | samcosmo the Deep Elf Earth Elementalist began the quest
                  | for the Orb.
     0 | D:1      | Reached XP level 1. HP: 10/10 MP: 6/6
   222 | D:1      | Reached XP level 2. HP: 15/15 MP: 6/8
   297 | D:1      | Learned a level 2 spell: Blink
   978 | D:2      | Reached XP level 3. HP: 14/19 MP: 5/10
  1203 | D:2      | Reached skill level 1 in Translocations
  1214 | D:2      | Learned a level 3 spell: Stone Arrow
  1337 | D:2      | Learned a level 2 spell: Sublimation of Blood
  1428 | D:2      | Noticed Jessica
  1430 | D:2      | Killed Jessica
  1431 | D:2      | Reached XP level 4. HP: 24/24 MP: 8/12
  1576 | D:2      | Found a glowing golden altar of the Shining One.
  1655 | D:2      | Reached skill level 1 in Necromancy
  1946 | D:2      | Engulfed by a cloud of flame

Illustrated notes

Levels and vault maps discovered:
D:1:      co_arrival_square_in_a_square_in_a_square, layout_basic
D:2:      layout_loops_ring, basic_altar, lemuel_flame_loot_1, uniq_jessica

Skill      XL: |  1  2  3  4 |
---------------+-------------+-----
Spellcasting   | 4 |  4.4
Translocations | 1 |  1.5
Earth Magic    | 4 |  4.2
Necromancy     | 1 |  1.1
Dodging        | |  2.4
Stealth        | |  2.4
Transmutations | |  1.1

Action                   |  1- 3 |  4- 6 || total
-------------------------+-------+-------++-------
 Cast: Sandblast         |    32 |     7 ||    39
       Stone Arrow       |     1 |       ||     1
       Blink             |       |     2 ||     2
Armor: Robe              |     3 |       ||     3
Dodge: Dodged            |     7 |       ||     7
